 Dungeon Crawl Stone Soup version 0.29.1-2-gbd0b4ee654 (webtiles) character file.

Game seed: 14280938388894143526

8705 Avanven the Executioner (level 11, -4/82 HPs)
             Began as a Hill Orc Fighter on Nov 17, 2022.
             Was a High Priest of Okawaru.
             Slain by a boulder beetle (21 damage)
             ... on level 11 of the Dungeon.
             The game lasted 00:17:42 (7606 turns).

Avanven the Executioner (Hill Orc Fighter)          Turns: 7606, Time: 00:17:43

Health: -4/82      AC: 17    Str: 24    XL:     11   Next: 35%
Magic:  11/11      EV:  6    Int:  8    God:    Okawaru [*****.]
Gold:   706        SH:  4    Dex: 10    Spells: 10/10 levels left

rFire   + + .      SeeInvis .   r - +10 hand axe of the Burning Ancients {venom, Stlth+}
rCold   + . .      Faith    .   c - +0 buckler
rNeg    . . .      Spirit   .   w - +1 plate armour {rF+}
rPois   .          Reflect  .   (no helmet)
rElec   .          Harm     .   y - scarf {rC+ rF+}
rCorr   +          Rampage  .   n - +0 pair of gloves
Will    .....                   (no boots)
Stlth   ..........              j - amulet of regeneration
HPRegen 1.03/turn               v - +4 ring of protection
MPRegen 0.12/turn               J - ring of resist corrosion

@: no status effects
A: no striking features
a: Renounce Religion, Heroism, Finesse, Duel


You were on level 11 of the Dungeon.
You worshipped Okawaru.
Okawaru was extremely pleased with you.
You visited 2 branches of the dungeon, and saw 12 of its levels.

You collected 850 gold pieces.
You spent 144 gold pieces at shops.

Inventory:

Hand Weapons
 d - a +3 battleaxe of electrocution
 r - the +10 hand axe of the Burning Ancients (weapon) {venom, Stlth+}
   (You bought it in a shop on level 1 of the Dungeon)

   It poisons the flesh of those it strikes.
   Stlth:     It makes you more stealthy.
Missiles
 F - a throwing net (quivered)
Armour
 c - a +0 buckler (worn)
 n - a +0 pair of gloves (worn)
 w - a +1 plate armour of fire resistance (worn)
 y - a scarf of resistance (worn)
Jewellery
 e - an amulet of faith
 g - a ring of protection from cold
 j - an amulet of regeneration (around neck)
 v - a +4 ring of protection (left hand)
 J - a ring of resist corrosion (right hand)
Wands
 b - a wand of polymorph (14)
 h - a wand of acid (2)
 m - a wand of paralysis (29)
 B - a wand of flame (22)
 G - a wand of roots (4)
Scrolls
 q - a scroll of blinking
 s - a scroll of magic mapping
 t - 3 scrolls of amnesia
 x - 3 scrolls of teleportation
Potions
 a - a potion of heal wounds
 f - a potion of might
 l - 2 potions of berserk rage
 o - 3 potions of mutation
 p - 2 potions of cancellation
 u - 6 potions of curing
 z - 2 potions of ambrosia
 A - a potion of resistance {unknown}
 C - 2 potions of brilliance {unknown}
 D - 3 potions of flight {unknown}
 E - a potion of lignification
 I - a potion of magic {unknown}


   Skills:
 - Level 3.6 Fighting
 * Level 21.5 Axes
 - Level 3.2 Armour
 - Level 3.2 Shields


You had 10 spell levels left.
You didn't know any spells.
Your spell library contained the following spells:

 Spells                   Type           Power      Damage    Failure   Level
 Sandblast                Erth           0%         2d4       100%        1
 Passwall                 Tmut/Erth      0%         N/A       100%        2
 Portal Projectile        Hex/Tloc       0%         N/A       100%        3
 Stone Arrow              Conj/Erth      0%         3d7       100%        3
 Leda's Liquefaction      Hex/Erth       0%         N/A       100%        4
 Orb of Destruction       Conj           0%         9d5       100%        7
 Summon Small Mammal      Summ           Unusable   N/A       N/A         1
 Call Canine Familiar     Summ           Unusable   N/A       N/A         3
 Summon Guardian Golem    Hex/Summ       Unusable   N/A       N/A         3
 Spellforged Servitor     Conj/Summ      Unusable   N/A       N/A         7

Dungeon Overview and Level Annotations

Branches:
Dungeon (11/15)            Temple (1/1) D:5            Lair (0/5) D:9
    Orc (0/2) D:10

Altars:
Ashenzari
Cheibriados
Dithmenos
Elyvilon
Fedhas
Gozag
Hepliaklqana
Kikubaaqudgha
Makhleb
Nemelex Xobeh
Okawaru
Qazlal
Ru
Sif Muna
Trog
Uskayaw
Vehumet
Wu Jian
Xom
Yredelemnul
Zin
The Shining One

Shops:
D:1 *


Message History

Found an escape hatch in the floor.
Found a stone staircase leading down.
There is an escape hatch in the floor here.
u - 6 potions of curing (gained 1)
Found an escape hatch in the ceiling.
There is an escape hatch in the ceiling here.
g - a ring of protection from cold
Okay, then.
A boulder beetle comes into view.
The boulder beetle curls into a ball and begins rolling!
Okay, then.
As you read the scroll of identify, it crumbles to dust.
z - 2 potions of ambrosia The boulder beetle hits you!!!
Ouch! That really hurt!
The boulder beetle stops rolling and uncurls.
You completely miss the boulder beetle.
You feel much better. The boulder beetle bites you!
You hit the boulder beetle but do no damage.
The boulder beetle is poisoned.
The boulder beetle leaps!
Blink to where?
Press: ? - help, Dir - move target
As you read the scroll of blinking, it crumbles to dust.
The boulder beetle bites you.
You hit the boulder beetle.
The boulder beetle looks as sick as possible!
The boulder beetle is lightly wounded.
The boulder beetle closely misses you.
You slash the boulder beetle!
The boulder beetle is lightly wounded.
You hit the boulder beetle but do no damage.
The boulder beetle looks as sick as possible!
The boulder beetle is moderately wounded.
The boulder beetle leaps!
The boulder beetle bites you!!
* * * LOW HITPOINT WARNING * * *
You hit the boulder beetle but do no damage.
The boulder beetle looks as sick as possible!
The boulder beetle is heavily wounded.
The boulder beetle bites you!!
You die...

########################
.................B......
..........######@######.
###.......# #.#
#.......# #.# #.......#
#.# #.......# #.#
#.......# #.# #.......#
#.# #.......# #.# #.#


You could see a boulder beetle (extremely poisoned).

Vanquished Creatures
  Nergalle (D:11)
  Pikel (D:7)
  Maurice (D:11)
  An elephant (D:9)
  A hornet (D:10)
  Grinder (D:5)
  A shadow (D:10)
  4 yaks (D:9)
  A wyvern (D:10)
  A basilisk (D:9)
  8 vampire mosquitoes
  An acid dragon (D:10)
  A water moccasin (D:6)
  6 orc warriors
  A sky beast (D:8)
  5 black bears
  2 ice beasts (D:7)
  4 ogres
  A centaur (D:7)
  A lemure (D:7)
  2 kobold brigands
  6 bullfrogs
  A gnoll sergeant (D:8)
  6 scorpions
  9 wights (D:10)
  9 howler monkeys
  5 hounds
  4 orc priests
  A gnoll bouda (D:7)
  2 jellies
  3 iguanas (D:5)
  9 orc wizards
  16 gnolls
  6 adders
  2 white imps
  3 ufetubi
  3 worms
  2 dart slugs
  27 orcs
  11 ball pythons
  4 endoplasms
  3 giant cockroaches
  8 goblins
  9 hobgoblins
  11 jackals
  21 kobolds
  2 quokkas (D:2)
  6 bats
  3 frilled lizards
  7 rats
244 creatures vanquished.

Notes
Turn   | Place    | Note
-------+----------+-------------------------------------------
     0 | D:1      | Avanven the Hill Orc Fighter began the quest for the Orb.
     0 | D:1      | Reached XP level 1. HP: 19/19 MP: 1/1
    34 | D:1      | Reached skill level 3 in Axes
   153 | D:1      | Reached XP level 2. HP: 26/26 MP: 2/2
   161 | D:1      | Reached skill level 4 in Axes
   388 | D:1      | Found Fikkewoe's Assorted Antiques.
   497 | D:1      | Reached XP level 3. HP: 31/31 MP: 3/3
   517 | D:1      | Reached skill level 5 in Axes
   931 | D:2      | Reached XP level 4. HP: 39/39 MP: 4/4
   942 | D:2      | Found a radiant altar of Vehumet.
   977 | D:2      | Reached skill level 6 in Axes
  1634 | D:3      | Reached XP level 5. HP: 38/45 MP: 5/5
  1765 | D:1      | Bought an encrusted hand axe for 144 gold pieces
  1765 | D:1      | Identified the +10 hand axe of the Burning Ancients {venom,
                  | Stlth+} (You bought it in a shop on level 1 of the Dungeon)
  1940 | D:3      | Reached skill level 7 in Axes
  2363 | D:4      | Identified a scroll of acquirement
  2363 | D:4      | Acquired a +1 battleaxe of electrocution
  2376 | D:3      | Reached skill level 8 in Axes
  2376 | D:3      | Reached XP level 6. HP: 21/51 MP: 6/6
  2435 | D:4      | Reached skill level 9 in Axes
  2562 | D:4      | Noticed a black bear
  2579 | D:4      | Reached XP level 7. HP: 18/57 MP: 7/7
  2587 | D:4      | Reached skill level 10 in Axes
  3001 | D:5      | Entered Level 5 of the Dungeon
  3040 | D:5      | Found a staircase to the Ecumenical Temple.
  3040 | D:5      | Noticed Grinder
  3055 | D:5      | Killed Grinder
  3056 | D:5      | Reached skill level 11 in Axes
  3060 | Temple   | Entered the Ecumenical Temple
  3213 | Temple   | Became a worshipper of Warmaster Okawaru
  3390 | D:5      | Reached XP level 8. HP: 64/64 MP: 8/8
  3419 | D:5      | Found a basalt altar of Yredelemnul.
  3463 | D:5      | Reached skill level 12 in Axes
  3524 | D:5      | Reached * piety under Okawaru
  3734 | D:5      | Reached skill level 13 in Axes
  3817 | D:5      | Noticed an angel
  3818 | D:5      | Found a glowing silver altar of Zin.
  3972 | D:6      | Identified the +2 ring mail of Insatiable Hunger {Str+7
                  | SInv}
  4056 | D:6      | Reached skill level 14 in Axes
  4176 | D:6      | Reached XP level 9. HP: 65/70 MP: 9/9
  4520 | D:7      | Reached ** piety under Okawaru
  4548 | D:7      | Reached skill level 15 in Axes
  4710 | D:7      | Noticed Pikel
  4722 | D:7      | Killed Pikel
  4723 | D:7      | Reached skill level 16 in Axes
  4839 | D:7      | Found a burning altar of Makhleb.
  4936 | D:7      | Reached *** piety under Okawaru
  4965 | D:7      | Reached skill level 17 in Axes
  4986 | D:7      | Reached XP level 10. HP: 30/77 MP: 7/10
  5518 | D:8      | Reached skill level 18 in Axes
  6015 | D:8      | Reached **** piety under Okawaru
  6074 | D:9      | Noticed an elephant
  6100 | D:9      | Killed an elephant
  6125 | D:9      | Reached skill level 19 in Axes
  6181 | D:9      | Found a staircase to the Lair.
  6364 | D:9      | Found a hide-covered altar of Uskayaw.
  6673 | D:10     | Entered Level 10 of the Dungeon
  6708 | D:10     | Reached skill level 20 in Axes
  6754 | D:10     | Reached ***** piety under Okawaru
  6757 | D:10     | Reached XP level 11. HP: 79/82 MP: 8/11
  6902 | D:10     | Found a sacrificial altar of Ru.
  6907 | D:10     | Identified the +2 spear "Hydrabane" {speed, *Slow rC++
                  | Will+ MP-9}
  7253 | D:10     | Reached skill level 21 in Axes
  7350 | D:10     | Found a staircase to the Orcish Mines.
  7424 | D:11     | Noticed Nergalle
  7432 | D:11     | Noticed Maurice
  7440 | D:11     | Killed Nergalle
  7455 | D:11     | Killed Maurice
  7455 | D:11     | Received a gift from Okawaru
  7589 | D:11     | Noticed a boulder beetle
  7606 | D:11     | Slain by a boulder beetle

Illustrated notes

Levels and vault maps discovered:
D:1:      psy_arrival_conway, layout_basic, serial_shops,
          nicolae_shop_overgrown_old_shop, chequers_serial_rivers_small_a,
          minmay_circled_x
D:2:      layout_loops_ring, basic_altar, hangedman_decor_slide_cut
D:3:      layout_rooms
D:4:      layout_cave_pools, serial_glass, glass_columns_b, glass_columns_c,
          glass_columns_b, glass_columns_a, glass_columns_a, glass_columns_a,
          glass_columns_b, glass_columns_a
D:5:      layout_gridville, mainiacjoe_overflow_alcove_2, zin_angel,
          minmay_temple_entry_ruins, uniq_grinder
D:6:      layout_cave_pools
D:7:      layout_basic, amcnicky_altar_gilded, grunt_potential, uniq_pikel
D:8:      layout_basic
D:9:      layout_basic, nicolae_overflow_crystal_walls, david_lair_generic
D:10:     layout_rooms, nicolae_ru_sacrificial_ziggurat, david_orc_4
D:11:     layout_long_grid, uniq_maurice, uniq_nergalle
Temple:   minmay_crystal_spiral_temple

Skill      XL: |  1  2  3  4  5  6  7  8  9 10 11 |
---------------+----------------------------------+-----
Axes           | 3 4 5 6 8 9 11 14 17 20 21 | 21.5
Fighting       | |  3.6
Armour         | |  3.2
Shields        | |  3.2

Action                   |  1- 3 |  4- 6 |  7- 9 | 10-12 || total
-------------------------+-------+-------+-------+-------++-------
Melee: War axe           |    82 |    75 |       |       ||   157
       Hand axe          |       |    68 |   200 |   253 ||   521
Invok: Heroism           |       |       |     1 |     4 ||     5
  Use: Scroll            |       |     6 |     7 |    11 ||    24
       Potion            |       |     1 |     1 |     2 ||     4
Armor: Scale mail        |    21 |       |       |       ||    21
       Plate armour      |    32 |    80 |    83 |   110 ||   305
       Skin              |       |       |     6 |       ||     6
Dodge: Dodged            |    30 |    32 |    29 |    51 ||   142
Block: Buckler           |    20 |    24 |    32 |    34 ||   110
